 Dungeon Crawl Stone Soup version 0.30.0-16-gbe6223bb7e (webtiles) character file.

Game seed: 14776309675510029164

113110 ojifijod the Executioner (level 16, 0/238 HPs)
             Began as a Minotaur Berserker on May 21, 2023.
             Was a High Priest of Trog.
             Slain by a ghoul (5 damage)
             ... on level 1 of the Swamp.
             The game lasted 00:35:59 (22964 turns).

ojifijod the Executioner (Minotaur Berserker)      Turns: 22964, Time: 00:35:59

Health: 0/238      AC: 18    Str: 35    XL:     16   Next: 13%
Magic:  1/18       EV: 13    Int:  4    God:    Trog [*****.]
Gold:   2278       SH:  0    Dex: 11    Spells: 15/15 levels left

rFire   + + .        H - +8 battleaxe of the Shining Light {heavy, rF+}
rCold   + . .        (shield currently unavailable)
rNeg    . . .        c - +0 swamp dragon scales
rPois   +            v - +1 hat
rElec   .            P - scarf {rC+ rF+}
rCorr   .            Y - +3 Mad Mage's Maulers {Infuse+∞ VampMP -Cast}
SInv    .            (no boots)
Will    +....        e - amulet of regeneration Stlth
                     h - +6 ring of strength
HPRegen 1.39/turn    R - +4 ring of slaying
MPRegen 0.16/turn

%: no spellcasting, infuse magic (1 MP)
@: berserking, very quick
A: horns 2, retaliatory headbutt
a: Renounce Religion, Berserk, Trog's Hand, Brothers in Arms


You were on level 1 of the Swamp.
You worshipped Trog.
Trog was extremely pleased with you.
You visited 4 branches of the dungeon, and saw 23 of its levels.

You collected 3206 gold pieces.
You spent 928 gold pieces at shops.

Inventory:

Hand Weapons
 H - the +8 battleaxe of the Shining Light (weapon) {heavy, rF+}
   (Trog gifted it to you on level 4 of the Lair of Beasts)

   rF:        It protects you from fire.
 J - a +7 battleaxe of flaming
Missiles
 x - 5 silver boomerangs (quivered)
Armour
 c - +0 swamp dragon scales (worn)
 v - a +1 hat (worn)
 P - a scarf of resistance (worn)
 W - a +2 chain mail of willpower
 Y - the +3 Mad Mage's Maulers (worn) {Infuse+∞ VampMP -Cast}
   (You bought it in a shop on level 1 of the Orcish Mines)

   Infuse+∞: It empowers its wearer's blows with all of their magic.
   VampMP:    Blows struck in melee replenish the wearer's magic.
   -Cast:     It prevents spellcasting.
Jewellery
 e - an amulet of regeneration (around neck)
 h - a +6 ring of strength (left hand)
 i - the ring of the Cuttlefish {rElec rC- rN+ SInv}
   (You acquired it on level 3 of the Lair of Beasts)

   [ring of positive energy]

   rC:        It makes you vulnerable to cold.
   rElec:     It insulates you from electricity.
   rN:        It protects you from negative energy.
   SInv:      It lets you see invisible.
 j - a +6 ring of intelligence
 s - a ring of flight
 R - a +4 ring of slaying (right hand)
Wands
 g - a wand of digging (2)
 y - a wand of iceblast (4)
 z - a wand of paralysis (25)
 Q - a wand of light (5)
Scrolls
 b - 10 scrolls of teleportation
 k - 3 scrolls of torment
 l - a scroll of identify
 q - 2 scrolls of blinking
 r - 3 scrolls of enchant armour
 A - 2 scrolls of butterflies
 F - 6 scrolls of magic mapping
 I - 3 scrolls of poison
 N - 2 scrolls of immolation
 O - 2 scrolls of fog
 X - a scroll of fear
Potions
 a - 3 potions of berserk rage
 d - 10 potions of curing
 f - 2 potions of heal wounds
 m - 3 potions of mutation
 n - 6 potions of attraction
 p - 3 potions of magic {unknown}
 u - 4 potions of degeneration {unknown}
 w - 3 potions of lignification {unknown}
 B - 4 potions of haste {unknown}
 C - 4 potions of flight {unknown}
 G - 2 potions of invisibility {unknown}
 S - a potion of ambrosia {unknown}
 T - 5 potions of might {unknown}
 U - 2 potions of resistance
 Z - 2 potions of cancellation
Miscellaneous
 V - a phantom mirror


   Skills:
 + Level 18.7 Fighting
 + Level 21.2 Axes
 + Level 18.5 Armour
 * Level 6.3 Dodging
 - Level 5.2 Invocations
 - Level 1.0 Evocations


You had 15 spell levels left.
You didn't know any spells.
Your spell library was empty.

Dungeon Overview and Level Annotations

Branches:
Dungeon (15/15)            Temple (0/1) D:6            Lair (5/5) D:9
  Swamp (1/4) Lair:3        Snake (0/4) Lair:2        Slime (0/5) Lair:4
    Orc (2/2) D:9             Elf (0/3) Orc:2        Vaults (0/5) D:13
 Depths (0/4) D:15

Altars:
Dithmenos
Elyvilon
Fedhas
Makhleb
Qazlal
Uskayaw
Vehumet
Wu Jian
Xom
The Shining One

Shops:
D:5 !   D:10 :   Orc:1 [   Orc:2 :[(*

Annotations:
D:8 2 transporters, HilariousDeathArtist's ghost, novice BaEn
Lair:3 exclusion: 2 oklob plants


Innate Abilities, Weirdness & Mutations

You have a pair of horns on your head.
You reflexively headbutt those who attack you in melee.


Message History

Trog accepts your kill.
You slice the ghoul!! The alligator bites you! The alligator barely misses you.
The ghoul closely misses you. The ghoul completely misses you.
The alligator bites you!
The alligator tail-slaps you but does no damage.
A red film seems to cover your vision as you go berserk!
You feel yourself moving faster!
You feel mighty! The ghoul claws you! The ghoul barely misses you.
The alligator bites you!
* * * LOW HITPOINT WARNING * * *
The alligator tail-slaps you but does no damage.
The ghoul claws you!!
* * * LOW HITPOINT WARNING * * *
The ghoul misses you.
You slash the ghoul! You headbutt the ghoul!
The ghoul is moderately damaged.
You open the necrophage like a pillowcase!!!
You destroy the necrophage!
Trog accepts your kill.
You slash the alligator! You cut the ghoul into ribbons!!!
The ghoul barely misses you. The ghoul claws you!
* * * LOW HITPOINT WARNING * * *
The alligator closely misses you. The alligator tail-slaps you.
* * * LOW HITPOINT WARNING * * *
Unknown command.
You cut the ghoul into ribbons!!!! You headbutt the ghoul!!
The ghoul is almost destroyed.
You carve the alligator like a ham!!!
You kill the alligator!
Trog accepts your kill.
You hit the ghoul. The ghoul claws you!
* * * LOW HITPOINT WARNING * * *
The ghoul closely misses you. The ghoul claws you but does no damage.
The ghoul claws you!
* * * LOW HITPOINT WARNING * * *
Unknown command.
You closely miss the ghoul. You headbutt the ghoul!
You destroy the ghoul!
Trog accepts your kill.
You closely miss the ghoul. The ghoul claws you.
You die...

♣..........~..##
##
♣.........~♣..#
♣~..~♣♣♣......#
♣♣♣♣♣♣..~~~...##
♣..~~~....#
♣♣..~.....# # .
♣~........###...
♣.~~~.~.n†.©....
♣~.~~~~.@†......
♣♣.~~.♣.........
♣♣~.~♣♣♣♣♣♣♣~..
♣♣♣♣♣ .


You could see a ghoul.

Vanquished Creatures
  Frances (Swamp:1)
  Gastronok (D:12)
  2 ghouls (Swamp:1)
  An orc warlord (Orc:2)
  The ghost of AverageBear the Severer, a journeyman MiBe of Trog (Orc:2)
  A very ugly thing (D:15)
  An ettin (D:14)
  A great orb of eyes (D:14)
  Fannar (Lair:2)
  An entropy weaver (shapeshifter) (D:13)
  9 hydras
  A vault guard (D:13)
  An ogre mage (D:14)
  3 catoblepae
  5 boulder beetles
  5 centaur warriors
  3 alligators (Swamp:1)
  10 death yaks
  3 tengu warriors
  4 orc high priests (Orc:2)
  5 two-headed ogres
  Nergalle (Lair:3)
  A skyshark (Lair:5)
  9 skeletal warriors
  A goliath frog (Swamp:1)
  2 swamp dragons (Swamp:1)
  A swamp dragon (shapeshifter) (D:15)
  5 orc knights
  2 bog bodies
  A harpy (shapeshifter) (D:14)
  A glowing orange brain (D:15)
  2 lindwurms (Lair:5)
  2 deep elf pyromancers
  An orc sorcerer (Orc:2)
  A wolf spider (Lair:5)
  6 cyclopes
  7 manticores
  13 ugly things
  14 elephants
  A torpor snail (Lair:4)
  14 cane toads
  Maggie (Lair:2)
  8 komodo dragons
  5 black mambas
  Psyche (D:9)
  An unseen horror (D:12)
  A kobold demonologist (D:9)
  6 rime drakes
  A freezing wraith (D:15)
  A yaktaur (D:14)
  A troll (shapeshifter) (D:14)
  2 polar bears
  A meliai (shapeshifter) (D:14)
  8 trolls
  2 tyrant leeches (Swamp:1)
  Grinder (D:5)
  17 dream sheep
  Prince Ribbit (D:5)
  13 blink frogs
  A shadow (D:12)
  4 slime creatures (D:15)
  A vampire (D:10)
  40 yaks
  A yak (shapeshifter) (D:13)
  4 wraiths
  Grum (D:8)
  13 wyverns
  6 basilisks
  A harpy simulacrum (D:15)
  5 vampire mosquitoes
  A steam dragon (Lair:1)
  3 wargs (Orc:2)
  Edmund (D:5)
  2 hell hounds (D:15)
  A swamp worm (Swamp:1)
  15 water moccasins
  3 ice beasts
  27 orc warriors
  A black bear (D:6)
  2 sky beasts
  10 ogres
  16 wolves
  13 centaurs
  2 phantoms
  A kobold brigand (D:8)
  7 bullfrogs
  A necrophage (Swamp:1)
  A gnoll sergeant (D:11)
  5 scorpions
  11 wights (D:10)
  10 killer bees
  3 electric eels (D:8)
  5 howler monkeys
  4 hounds
  14 orc priests
  4 jellies
  A gnoll bouda (D:10)
  4 sleepcaps
  An iguana (D:6)
  Ijyb (D:5)
  22 orc wizards
  16 hell rats
  6 gnolls
  9 adders
  3 white imps
  3 ufetubi
  A worm (D:4)
  2 dart slugs
  66 orcs
  5 ball pythons
  6 endoplasms
  4 giant cockroaches
  12 goblins
  12 hobgoblins
  7 jackals
  16 kobolds
  4 quokkas
  3 bats
  A frilled lizard (D:3)
  2 rats (D:1)
663 creatures vanquished.

Vanquished Creatures (collateral kills)
  A dire elephant (Lair:5)
  A two-headed ogre (D:10)
  An orc high priest (Orc:2)
  An orc sorcerer (Orc:2)
  2 rime drakes (Lair:5)
  A troll (D:10)
  A dream sheep (Lair:5)
  A steam dragon (D:10)
  2 orc warriors
  An ogre (Orc:2)
  A howler monkey (D:10)
  2 orc wizards (Orc:2)
  An orc (Orc:2)
16 creatures vanquished.

Vanquished Creatures (others)
  A bloated husk (Swamp:1)
  2 vampire mosquitoes (Swamp:1)
  An orc (Orc:2)
4 creatures vanquished.

Grand Total: 683 creatures vanquished

Notes
Turn   | Place    | Note
-------+----------+-------------------------------------------
     0 | D:1      | ojifijod the Minotaur Berserker began the quest for the
                  | Orb.
     0 | D:1      | Reached XP level 1. HP: 19/19 MP: 0/0
    63 | D:1      | Reached skill level 4 in Axes
   242 | D:1      | Found a faded altar of an unknown god.
   292 | D:1      | Reached XP level 2. HP: 26/26 MP: 1/1
   527 | D:1      | Reached skill level 5 in Axes
   815 | D:2      | Reached XP level 3. HP: 31/31 MP: 2/2
  1171 | D:2      | Reached ** piety under Trog
  1191 | D:2      | Reached skill level 6 in Axes
  1191 | D:2      | Reached XP level 4. HP: 39/39 MP: 3/3
  1758 | D:3      | Reached skill level 7 in Axes
  1758 | D:3      | Reached XP level 5. HP: 38/45 MP: 4/4
  2025 | D:3      | Found a burning altar of Makhleb.
  2029 | D:3      | Reached *** piety under Trog
  2100 | D:3      | Found a radiant altar of Vehumet.
  2275 | D:4      | Reached skill level 8 in Axes
  2432 | D:4      | Reached XP level 6. HP: 48/51 MP: 5/5
  2462 | D:4      | Noticed an ice beast
  2487 | D:4      | Killed an ice beast
  2729 | D:4      | Reached skill level 9 in Axes
  2818 | D:5      | Entered Level 5 of the Dungeon
  2886 | D:5      | Reached XP level 7. HP: 57/57 MP: 6/6
  2941 | D:5      | Noticed Prince Ribbit
  2959 | D:5      | Killed Prince Ribbit
  2960 | D:5      | Reached skill level 10 in Axes
  3125 | D:5      | Found Ufiohef's Distillery.
  3251 | D:5      | Reached skill level 11 in Axes
  3256 | D:5      | Noticed Ijyb
  3269 | D:5      | Killed Ijyb
  3299 | D:5      | Found a shimmering altar of Xom.
  3452 | D:5      | Noticed Grinder
  3458 | D:5      | Killed Grinder
  3459 | D:5      | Reached skill level 12 in Axes
  3459 | D:5      | Reached XP level 8. HP: 64/64 MP: 7/7
  3497 | D:5      | Noticed Edmund
  3511 | D:5      | Killed Edmund
  3810 | D:6      | Reached **** piety under Trog
  3811 | D:6      | Reached skill level 13 in Axes
  3915 | D:6      | Found a hide-covered altar of Uskayaw.
  3945 | D:6      | Found a staircase to the Ecumenical Temple.
  4105 | D:6      | Reached skill level 14 in Axes
  4296 | D:7      | Reached XP level 9. HP: 64/70 MP: 8/8
  4445 | D:7      | Reached skill level 15 in Axes
  4892 | D:8      | Noticed HilariousDeathArtist's ghost (novice BaEn)
  4893 | D:8      | Noticed a gargoyle
  4906 | D:8      | Found a shadowy altar of Dithmenos.
  4939 | D:8      | Reached ***** piety under Trog
  4943 | D:8      | Noticed a cyclops
  5302 | D:8      | Noticed Grum
  5310 | D:8      | Reached skill level 5 in Fighting
  5326 | D:8      | Killed Grum
  5327 | D:8      | Reached skill level 5 in Armour
  5367 | D:8      | Noticed a two-headed ogre
  5378 | D:8      | Killed a two-headed ogre
  5379 | D:8      | Reached XP level 10. HP: 84/84 MP: 9/9
  5420 | D:8      | Found a stormy altar of Qazlal.
  5782 | D:8      | Found a blossoming altar of Fedhas.
  5848 | D:8      | Found a transporter.
  5852 | D:8      | Found a transporter.
  5957 | D:9      | Received a gift from Trog
  5983 | D:9      | Noticed Psyche
  5992 | D:9      | Killed Psyche
  6006 | D:9      | Found a staircase to the Orcish Mines.
  6048 | D:9      | Reached skill level 16 in Axes
  6122 | D:9      | Noticed a two-headed ogre
  6129 | D:9      | Killed a two-headed ogre
  6224 | D:9      | Found a white marble altar of Elyvilon.
  6331 | D:9      | Found a staircase to the Lair.
  6411 | D:10     | Entered Level 10 of the Dungeon
  6425 | D:10     | Noticed a two-headed ogre
  6434 | D:10     | Reached XP level 11. HP: 34/97 MP: 3/10
  6435 | D:10     | Killed a two-headed ogre
  6604 | D:10     | Noticed a two-headed ogre
  6614 | D:10     | Killed a two-headed ogre
  6615 | D:10     | Reached skill level 17 in Axes
  6819 | D:10     | Reached skill level 10 in Fighting
  7001 | D:10     | Found Quad's Vocational Training.
  7012 | D:10     | You are sucked into a shaft and drop 3 floors!
  7022 | D:13     | Noticed a centaur warrior
  7027 | D:13     | Killed a centaur warrior
  7035 | D:13     | Found a gate to the Vaults.
  7035 | D:13     | Noticed a vault guard
  7041 | D:13     | Killed a vault guard
  7042 | D:13     | Reached skill level 10 in Armour
  7136 | D:13     | Noticed a centaur warrior
  7149 | D:13     | Killed a centaur warrior
  7313 | D:12     | Reached skill level 18 in Axes
  7374 | D:12     | Identified the amulet "Kaowout" {RegenMP Harm rF+ rN+
                  | Str+2}
  7462 | D:11     | Noticed a boulder beetle
  7481 | D:11     | Killed a boulder beetle
  7672 | D:11     | Received a gift from Trog
  7673 | D:11     | Reached XP level 12. HP: 69/110 MP: 11/11
  7857 | D:11     | Noticed a two-headed ogre
  7865 | D:11     | Killed a two-headed ogre
  7927 | D:11     | Noticed a boulder beetle
  7939 | D:11     | Killed a boulder beetle
  8441 | D:10     | Found an ornate altar of the Wu Jian Council.
  8593 | D:10     | Found a glowing golden altar of the Shining One.
  8747 | Lair:1   | Entered Level 1 of the Lair of Beasts
  9626 | Lair:2   | Found a staircase to the Snake Pit.
  9638 | Lair:2   | Noticed a boulder beetle
  9646 | Lair:2   | Killed a boulder beetle
  9708 | Lair:2   | Noticed Maggie
  9715 | Lair:2   | Killed Maggie
  9800 | Lair:2   | Noticed Nergalle
  9800 | Lair:2   | Noticed a death yak
  9801 | Lair:2   | Noticed a death yak
  9803 | Lair:2   | Noticed a death yak
  9821 | Lair:3   | Killed Nergalle
  9958 | Lair:3   | Noticed a seven-headed hydra
  9965 | Lair:3   | Killed a five-headed hydra
 10032 | Lair:3   | Reached XP level 13. HP: 117/124 MP: 12/12
 10146 | Lair:3   | Found a staircase to the Swamp.
 10661 | Lair:3   | Identified 2 scrolls of acquirement
 10662 | Lair:3   | Acquired the ring of the Cuttlefish {rElec rC- rN+ SInv}
 10664 | Lair:3   | Acquired a +2 executioner's axe of electrocution
 10687 | Lair:4   | Found a staircase to the Slime Pits.
 10923 | Lair:4   | Identified the +8 battleaxe of the Shining Light {heavy,
                  | rF+} (Trog gifted it to you on level 4 of the Lair of
                  | Beasts)
 10923 | Lair:4   | Received a gift from Trog
 11307 | Lair:4   | Identified the +10 quarterstaff of Maonosam {pain, rN+}
 11529 | Lair:5   | Entered Level 5 of the Lair of Beasts
 11535 | Lair:4   | Reached skill level 19 in Axes
 11903 | Lair:5   | Reached skill level 20 in Axes
 12072 | Lair:5   | Reached skill level 15 in Fighting
 12108 | Lair:5   | Received a gift from Trog
 12110 | Lair:5   | Reached skill level 15 in Armour
 12278 | Lair:5   | Reached XP level 14. HP: 135/135 MP: 13/13
 12639 | Lair:5   | Identified the +8 chain mail of Negligence {rC++ Str-3
                  | Dex+4}
 13533 | Lair:2   | Noticed Fannar
 13544 | Lair:2   | Killed Fannar
 13922 | Orc:1    | Entered Level 1 of the Orcish Mines
 13943 | Orc:1    | Found Retimn's Armour Boutique.
 13954 | Orc:1    | Received a gift from Trog
 14023 | Orc:1    | Bought the +3 Mad Mage's Maulers {Infuse+∞ VampMP -Cast}
                  | for 400 gold pieces
 14023 | Orc:1    | Found the +3 Mad Mage's Maulers {Infuse+∞ VampMP -Cast}
 14301 | Orc:1    | Reached skill level 1 in Evocations
 14621 | Orc:2    | Entered Level 2 of the Orcish Mines
 14647 | Orc:2    | Found a staircase to the Elven Halls.
 14697 | Orc:2    | Reached skill level 1 in Invocations
 14700 | Orc:2    | Found a runed translucent door.
 14701 | Orc:2    | Found Askimur's General Store.
 14798 | Orc:2    | Noticed an orc warlord
 15085 | Orc:2    | Killed an orc warlord
 15165 | Orc:2    | Bought 2 potions of cancellation for 160 gold pieces
 15204 | Orc:2    | Noticed AverageBear's ghost (journeyman MiBe)
 15213 | Orc:2    | Killed AverageBear's ghost
 15223 | Orc:2    | Identified the +3 broad axe "Zebor" {spect, rF+ Int+3}
 15423 | Orc:2    | Found Sekhlucao's Antique Armour Shop.
 15464 | Orc:2    | Found Osivab's Antique Weapon Shoppe.
 15481 | Orc:2    | Found Qonkuf's Book Emporium.
 15563 | Orc:2    | Received a gift from Trog
 15901 | Orc:2    | Bought a glowing scarf for 184 gold pieces
 15901 | Orc:2    | Bought an embroidered scarf for 184 gold pieces
 15985 | D:12     | Reached XP level 15. HP: 147/147 MP: 9/16
 16589 | D:12     | Noticed Gastronok
 16610 | D:12     | Killed Gastronok
 17298 | D:13     | Reached skill level 5 in Invocations
 18716 | D:14     | Identified the staff of poison "Gastus" {rPois rF- rC++
                  | Dex+3}
 19185 | D:14     | Identified the +1 chain mail of the Miller {+Inv}
 19627 | D:15     | Entered Level 15 of the Dungeon
 20617 | D:15     | Received a gift from Trog
 21437 | D:15     | Found a staircase to the Depths.
 21446 | D:15     | Reached skill level 21 in Axes
 21446 | D:15     | Reached skill level 5 in Dodging
 22248 | Swamp:1  | Entered Level 1 of the Swamp
 22571 | Swamp:1  | Reached XP level 16. HP: 159/159 MP: 1/18
 22576 | Swamp:1  | Noticed Frances
 22592 | Swamp:1  | Killed Frances
 22963 | Swamp:1  | HP: 4/238 [ghoul (16)]
 22964 | Swamp:1  | Slain by a ghoul

Illustrated notes

Levels and vault maps discovered:
D:1:      roderic_chinese_lattice_arrival, layout_loops_ring,
          hellmonk_ecumenical_altar_pennies_from_heaven
D:2:      layout_basic, minmay_liquid_box, grunt_ministairs_12,
          minmay_misc_feat_diagonals
D:3:      cheibrodos_greedy_goblins, layout_loops_ring,
          mainiacjoe_overflow_boulevard, lightli_temple_of_fire
D:4:      layout_cave_pools, st_stairs_12, roderic_roman_lattice
D:5:      layout_loops_corners, xom_teletrap_fun, nicolae_take_the_stairs,
          bh_walls_and_bars, uniq_ijyb, uniq_prince_ribbit1, uniq_edmund,
          uniq_grinder
D:6:      layout_rooms, mainiacjoe_overflow_alcove_1,
          minmay_temple_entry_mini_moons
D:7:      layout_rooms
D:8:      layout_loops_corners, nicolae_overflow_hidden_temple,
          mainiacjoe_overflow_catch_the_wave, nzn_ghost_randoct,
          serial_bayou_ford_a, nrook_pool_corridor, uniq_grum
D:9:      layout_cave_pools, amcnicky_altar_gilded, orc_0_dummy,
          minmay_misc_feat_plants, kennysheep_generic_room_12, uniq_psyche
D:10:     minmay_polygon_palace, layout_irregular_city, tso_oasis_becter,
          kennysheep_mini_moat, nicolae_shop_vocational
D:11:     layout_cave_pods
D:12:     layout_roguey, st_stairs_5, uniq_gastronok
D:13:     layout_loops_ring, david_vaults_5, kennysheep_generic_room_4
D:14:     layout_basic, minmay_evil_grid
D:15:     gammafunk_enter_depths_forms, layout_long_grid, special_room
          [special_room_mythical_zoo], chequers_serial_rivers_room_b
Lair:1:   layout_regular_city, infiniplex_staircase_pool
Lair:2:   layout_regular_city, dummy_snake_entry,
          chequers_serial_rivers_small_a, beast_lair_carwin_9,
          lemuel_fruit_tree, lemuel_fruit_fields, uniq_fannar, uniq_maggie,
          uniq_nergalle
Lair:3:   layout_regular_city, skrybe_swamp_entry_bodies, dpeg_oklob_1
Lair:4:   hellmonk_destroyed_diamonds, layout_regular_city,
          nicolae_slime_entry_field_trip, infiniplex_staircase_pool_2
Lair:5:   hangedman_lair_in_review, layout_regular_city, grunt_megastairs_3
Swamp:1:  layout_basic_swamp, gammafunk_ghost_abyssal_escape,
          nicolae_swamp_triple_paths, swamp_pool1, nicolae_swamp_oxbows,
          uniq_frances, uniq_aizul
Orc:1:    layout_diamond_mine, serial_shops, shop, mines2_david
Orc:2:    grunt_orc_gardens, layout_diamond_mine, grunt_orc_garden,
          grunt_orc_garden, grunt_orc_garden, grunt_orc_garden,
          ebering_ghost_inner_flame

Skill      XL: |  1  2  3  4  5  6  7  8  9 10 11 12 13 14 15 16 |
---------------+-------------------------------------------------+-----
Axes           | 4 5 6 7 8 9 12 14 15 16 18 20 21 | 21.2
Fighting       | 6 9 11 14 15 17 18 | 18.7
Armour         | 5 8 10 13 15 17 18 | 18.5
Evocations     | 1 |  1.0
Invocations    | 3 5 |  5.2
Dodging        | 5 6 |  6.3

Action                     |  1- 3 |  4- 6 |  7- 9 | 10-12 | 13-15 | 16-18 || total
---------------------------+-------+-------+-------+-------+-------+-------++-------
  Melee: Hand axe          |    70 |   128 |   242 |    85 |       |       ||   525
         Headbutt          |    11 |    19 |    34 |    82 |    85 |     8 ||   239
         Punch             |     1 |     1 |     2 |     8 |     1 |       ||    13
         Broad axe         |       |       |       |    83 |       |       ||    83
         War axe           |       |       |       |   229 |    27 |       ||   256
         Battleaxe         |       |       |       |       |   463 |    36 ||   499
         Executioner's axe |       |       |       |       |    23 |       ||    23
 Invoke: Berserk           |       |       |     2 |     3 |     3 |     1 ||     9
         Brothers in Arms  |       |       |       |     1 |     5 |       ||     6
         Trog's Hand       |       |       |       |       |     1 |       ||     1
  Evoke: Wand              |       |       |     1 |     6 |       |       ||     7
    Use: Scroll            |       |       |       |       |    30 |       ||    30
         Potion            |       |       |       |       |     5 |       ||     5
   Stab: Paralysed         |       |       |     3 |     2 |       |       ||     5
         Petrified         |       |       |       |       |     2 |       ||     2
 Armour: Chain mail        |    36 |    55 |    50 |       |   158 |       ||   299
         Plate armour      |       |       |    26 |   188 |   158 |       ||   372
         Swamp dragon scal |       |       |       |       |    15 |    31 ||    46
  Dodge: Dodged            |    25 |    51 |    77 |   146 |   285 |    38 ||   622
